 Dungeon Crawl Stone Soup version 0.30-a0-263-ge22c4ad894 (webtiles) character file.

Game seed: 5353350572166998841

4412 Iusername the Fighter (level 10, 0/112 (123) HPs)
             Began as a Minotaur Fighter on Oct 12, 2022.
             Succumbed to an orc warrior's poison
             ... on level 8 of the Dungeon on Oct 13, 2022.
             The game lasted 00:14:31 (8796 turns).

Iusername the Fighter (Minotaur Fighter)            Turns: 8796, Time: 00:14:32

HP:   0/112 (123)   AC: 25    Str: 28 (31) XL:     10   Next: 14%
MP:   8/8           EV:  2    Int: 10 (11) God:
Gold: 456           SH:  0    Dex:  7 (8)  Spells: 9/9 levels left

rFire   + . .      SeeInvis .    j - +4 scythe (vamp)
rCold   + . .      Faith    .    (shield currently unavailable)
rNeg    . . .      Spirit   .    (body armour currently unavailable)
rPois   +          Reflect  .    (helmet currently unavailable)
rElec   +          Harm     .    (cloak currently unavailable)
rCorr   +          Rampage  .    (gloves currently unavailable)
Will    .....      NoTele   +    (boots currently unavailable)
Stlth   +.........               (no amulet)
HPRegen 1.18/turn                y - +6 ring of strength
MPRegen 0.11/turn                u - +6 ring of intelligence

@: lethally poisoned (0 -> -4), tree-form, resistant, drained
A: stationary, stasis, torment immunity, boosted hp, (horns 2), (retaliatory
headbutt), clumsy 1, frail 1, low MP 1, regeneration 1
a: no special abilities


You were on level 8 of the Dungeon.
You were a tree.
You visited 1 branch of the dungeon, and saw 8 of its levels.
You also visited: Sewer.

You collected 456 gold pieces.

Inventory:

Hand Weapons
 j - a +4 vampiric scythe (weapon)
Armour
 a - a +3 plate armour (melded)
 o - a +0 pair of gloves (melded)
 q - a +0 cloak (melded)
 v - a +0 pair of boots (melded)
Jewellery
 f - a ring of see invisible
 h - a ring of positive energy
 u - a +6 ring of intelligence (right branch)
 y - a +6 ring of strength (left branch)
Wands
 k - a wand of polymorph (9)
 m - a wand of flame (10)
 s - a wand of roots (15)
 x - a wand of paralysis (7)
 A - a wand of digging (5)
Scrolls
 e - a scroll of noise
 g - 2 scrolls of butterflies
 l - 3 scrolls of amnesia
 p - a scroll of magic mapping
 r - a scroll of vulnerability {unknown}
 w - a scroll of poison {unknown}
 z - a scroll of immolation
 C - 2 scrolls of teleportation
 E - a scroll of brand weapon
Potions
 b - a potion of magic
 i - 2 potions of attraction
 n - a potion of resistance
 t - a potion of flight
 B - 4 potions of lignification
 D - a potion of curing


   Skills:
 + Level 9.6 Fighting
 + Level 9.2 Axes
 + Level 9.6 Armour
 + Level 9.6 Shields


You had 9 spell levels left.
You didn't know any spells.
Your spell library contained the following spells:

 Spells                   Type           Power      Damage    Failure   Level
 Beastly Appendage        Tmut           0%         N/A       36%         1
 Magic Dart               Conj           0%         1d3       36%         1
 Cigotuvi's Dreadful Rot  Necr/Pois/Air  0%         N/A       50%         2
 Poisonous Vapours        Pois/Air       0%         N/A       50%         2
 Searing Ray              Conj           0%         2d4       50%         2
 Sublimation of Blood     Necr           0%         N/A       50%         2
 Wereblood                Tmut           0%         N/A       50%         2
 Frozen Ramparts          Ice            0%         1d1       75%         3
 Mephitic Cloud           Conj/Pois/Air  0%         N/A       75%         3
 Spider Form              Tmut/Pois      0%         N/A       75%         3
 Fulminant Prism          Conj/Hex       0%         3d6       98%         4
 Ice Form                 Ice/Tmut       0%         N/A       98%         4
 Summon Ice Beast         Ice/Summ       0%         N/A       98%         4
 Summon Hydra             Summ           0%         N/A       100%        7


Dungeon Overview and Level Annotations

Branches:
Dungeon (8/15)             Temple (0/1) D:5           Sewer (visited)
   Lair: D:8-11

Altars:
Ashenzari
Makhleb
Nemelex Xobeh
Ru
Sif Muna
Wu Jian

Shops:
D:6 *   D:8 *

Annotations:
D:8 ytrimaz's ghost, novice GnWr


Innate Abilities, Weirdness & Mutations

You are a tree.
Your roots penetrate the ground, keeping you stationary.
You cannot be teleported.
You are immune to unholy pain and torment.
Your maximum health is greatly increased.
Your equipment is partially melded.
((You have a pair of horns on your head.))
((You reflexively headbutt those who attack you in melee.))
You are clumsy. (Dex -2)
You are frail. (-10% HP)
Your magical capacity is low. (-10% MP)
Your natural rate of healing is unusually fast.


Message History

The orc completely misses you.
The orc warrior hits you but does no damage.
The orc hits you but does no damage.
Ytrimaz's ghost mumbles some strange words.
Ytrimaz's ghost blinks!
The orc warrior hits you but does no damage.
The orc hits you but does no damage.
The orc warrior hits you but does no damage.
The orc warrior hits you with a +1 war axe of venom!
* * * LOW HITPOINT WARNING * * *
The orc hits you with a +0 hand axe.
* * * LOW HITPOINT WARNING * * *
You feel much better.
You feel sick.
The orc warrior hits you but does no damage.
The orc hits you but does no damage. x2
The orc warrior hits you with a +1 war axe of venom.
* * * LOW HITPOINT WARNING * * *
You are more poisoned.
You hit the orc warrior.
The orc warrior is lightly wounded.
You feel very sick.
The orc warrior hits you but does no damage.
The orc hits you but does no damage. x2
The orc warrior hits you but does no damage.
The orc warrior completely misses you.
The orc priest hits you with a +0 flail.
* * * LOW HITPOINT WARNING * * *
You closely miss the orc warrior.
The orc warrior is lightly wounded.
You feel sick.
The orc warrior hits you but does no damage.
The orc hits you but does no damage. x2
The orc warrior hits you with a +0 long sword!
* * * LOW HITPOINT WARNING * * *
The orc warrior hits you but does no damage.
You are more poisoned.
The orc priest hits you with a +0 flail.
* * * LOW HITPOINT WARNING * * *
You closely miss the orc warrior.
You die...

#.....# #.###.#
#######8.#.##########
8.....#..#..........#
..##..#....########.#
..8#..#..#...######.# #####
..##W.#..#........#.# ....#
)...#o#o.#.#.####.#.# ###.#
[...#oo♣o#.#.# #.#.# #.#
_.8.#.ooo..#.# #.#.# #.#
[...#.oo...#.# #.#.# ###.#
....#.#(.#.#.####.#÷####
....#
..##..#..#.#............
#######
..8#..#..#.######..#####
......###..##..#).#.######..#
........#8.....#..........>.#
#####.##########8.#.######..#


You could see 3 orc warriors, 2 orc priests, ytrimaz's ghost and 5 orcs.

Vanquished Creatures
  An unseen horror (D:8)
  A komodo dragon (D:8)
  Sigmund (D:2)
  Eustachio (D:5)
  Grum (D:8)
  Duvessa (D:5)
  4 water moccasins
  An orc warrior (D:6)
  3 ice beasts
  2 black bears
  2 wolves (D:8)
  A centaur (D:7)
  3 kobold brigands
  Blork the orc (D:4)
  The ghost of porpoise the Shooter, an amateur DEHs (D:3)
  2 necrophages
  4 bullfrogs
  A gnoll sergeant (D:7)
  2 scorpions
  Dowan (D:5)
  A howler monkey (D:4)
  A lava snake (D:7)
  3 hounds
  3 jellies
  5 orc priests
  8 iguanas
  9 orc wizards
  A hound skeleton (D:4)
  11 adders
  4 gnolls (D:7)
  4 white imps
  An ufetubus (D:4)
  4 worms
  2 dart slugs
  30 orcs
  8 endoplasms
  9 giant cockroaches
  8 goblins
  7 hobgoblins
  8 jackals
  5 quokkas
  12 ball pythons
  6 bats
  11 frilled lizards
  14 kobolds
  8 rats
217 creatures vanquished.

Notes
Turn   | Place    | Note
-------+----------+-------------------------------------------
     0 | D:1      | Iusername the Minotaur Fighter began the quest for the Orb.
     0 | D:1      | Reached XP level 1. HP: 19/19 MP: 0/0
   178 | D:1      | Reached XP level 2. HP: 13/27 MP: 1/1
   452 | D:1      | Reached XP level 3. HP: 30/33 MP: 2/2
   452 | D:1      | Found a faded altar of an unknown god.
   976 | D:2      | Reached XP level 4. HP: 41/41 MP: 3/3
   994 | D:2      | Noticed Sigmund
  1007 | D:2      | Killed Sigmund
  1008 | D:2      | Reached skill level 5 in Fighting
  1008 | D:2      | Reached skill level 5 in Shields
  1008 | D:2      | Reached XP level 5. HP: 20/48 MP: 4/4
  1538 | D:2      | Reached skill level 5 in Armour
  2272 | D:3      | Found a glowing drain.
  2305 | Sewer    | Entered a sewer
  2321 | Sewer    | Reached XP level 6. HP: 56/56 MP: 5/5
  2715 | D:3      | Noticed porpoise's ghost (amateur DEHs)
  2946 | D:3      | Found a runed translucent gate.
  2946 | D:3      | Found a runed translucent gate.
  2955 | D:3      | Found a runed translucent gate.
  2967 | D:3      | Reached XP level 7. HP: 55/62 MP: 6/6
  3271 | D:3      | Reached skill level 5 in Axes
  3283 | D:3      | Killed porpoise's ghost
  3386 | D:4      | Noticed Blork the orc
  3405 | D:4      | Killed Blork the orc
  4170 | D:4      | Found a sacrificial altar of Ru.
  4449 | D:4      | Found a burning altar of Makhleb.
  4553 | D:4      | Found a shimmering blue altar of Sif Muna.
  4970 | D:5      | Entered Level 5 of the Dungeon
  4978 | D:5      | Noticed Duvessa
  4978 | D:5      | Noticed Dowan
  4991 | D:5      | Killed Duvessa
  4992 | D:5      | Reached XP level 8. HP: 51/71 MP: 7/7
  5000 | D:5      | Killed Dowan
  5655 | D:5      | Found a staircase to the Ecumenical Temple.
  5678 | D:5      | Noticed Eustachio
  5685 | D:5      | Killed Eustachio
  6054 | D:5      | Found an ornate altar of the Wu Jian Council.
  6450 | D:6      | Reached XP level 9. HP: 20/81 MP: 8/8
  6453 | D:6      | HP: 2/81 [orc priest/divine providence (10)]
  6466 | D:6      | Upgraded the game from 0.30-a0-250-g41c1d76940 to
                  | 0.30-a0-263-ge22c4ad894
  6488 | D:6      | Gained mutation: You are frail. (-10% HP) [potion of
                  | mutation]
  6488 | D:6      | Gained mutation: You have hidden genetic defects. [potion
                  | of mutation]
  6488 | D:6      | Gained mutation: Your natural rate of healing is unusually
                  | fast. [potion of mutation]
  6767 | D:6      | Found Jatsec's General Store.
  7202 | D:7      | Gained mutation: Your magical capacity is low. (-10% MP)
                  | [hidden defects]
  8135 | D:8      | Found a sparkling altar of Nemelex Xobeh.
  8148 | D:8      | Noticed a komodo dragon
  8156 | D:8      | Killed a komodo dragon
  8157 | D:8      | Gained mutation: You are clumsy. (Dex -2) [hidden defects]
  8157 | D:8      | Lost mutation: You have hidden genetic defects. [hidden
                  | defects expressed]
  8173 | D:8      | Killed an unseen horror
  8259 | D:8      | Found Cibluoh's Serpentskin Sales.
  8268 | D:8      | Reached XP level 10. HP: 71/81 MP: 8/8
  8332 | D:8      | Found a runed translucent gate.
  8332 | D:8      | Found a runed translucent gate.
  8332 | D:8      | Found a runed translucent gate.
  8332 | D:8      | Noticed ytrimaz's ghost (novice GnWr)
  8332 | D:8      | Identified the +6 plate armour of the Griffon {rElec Will-
                  | Int+4}
  8442 | D:8      | Noticed Grum
  8456 | D:8      | Killed Grum
  8552 | D:8      | Found a broken altar of Ashenzari.
  8795 | D:8      | HP: 3/112 [orc priest/+0 flail (3)]
  8796 | D:8      | Succumbed to an orc warrior's poison

Illustrated notes

Levels and vault maps discovered:
D:1:      nicolae_arrival_somewhat_less_tricky_arrival, layout_rooms,
          shapermc_ecumenical_altar_venn, minmay_statues_item
D:2:      layout_basic, nicolae_hexahallways, uniq_sigmund
D:3:      layout_loops_ring, gammafunk_ghost_split, cheibrodos_sewer_entry_bend
D:4:      layout_loops_corners, makhleb_blood_cavern_becter,
          mainiacjoe_overflow_alcove_2, hangedman_ru_absence, uniq_blork_the_orc
D:5:      layout_loops_corners, nicolae_wu_jian_glorious_leap,
          minmay_temple_entry_mini_moons, uniq_eustachio, uniq_duvessa
D:6:      layout_rooms, serial_shops, kennysheep_mini_moat, serial_park_tiny_2,
          grunt_ministairs_9
D:7:      layout_loops_corners, kennysheep_small_spiral, grunt_decor_cap,
          kennysheep_path_1, chequers_serial_rivers_room_a
D:8:      layout_basic, mainiacjoe_overflow_six_doors_small,
          mainiacjoe_overflow_24_doors, biasface_ghost_orc_armoury,
          guppyfry_shop_venom, uniq_grum

Skill      XL: |  1  2  3  4  5  6  7  8  9 |
---------------+----------------------------+-----
Fighting       | 4 5 6 8 9 |  9.6
Shields        | 4 5 6 8 9 |  9.6
Armour         | 4 5 6 8 9 |  9.6
Axes           | 3 4 6 7 9 |  9.2

Action                   |  1- 3 |  4- 6 |  7- 9 | 10-12 || total
-------------------------+-------+-------+-------+-------++-------
Melee: War axe           |    68 |     7 |       |       ||    75
       Headbutt          |     9 |    15 |    33 |     5 ||    62
       Halberd           |       |   131 |   341 |    41 ||   513
Evoke: Wand              |       |       |     1 |       ||     1
  Use: Potion            |     1 |       |    11 |     4 ||    16
       Scroll            |       |     4 |    13 |     1 ||    18
 Stab: Paralysed         |       |       |     2 |       ||     2
Armor: Scale mail        |    28 |    58 |       |       ||    86
       Plate armour      |       |    23 |   291 |    45 ||   359
       Skin              |       |       |     9 |    38 ||    47
Dodge: Dodged            |    39 |    58 |   132 |    22 ||   251
Block: Buckler           |    28 |       |       |       ||    28

Table legend: (Time is in decaauts)
 A = Elapsed time spent in this place.
 B = Non-inter-level travel time spent in this place.
 C = Inter-level travel time spent in this place.
 D = Time resting spent in this place.
 E = Time spent auto-exploring this place.
 F = Levels seen in this place.
 G = Mean time per level.
                   A        B        C        D        E       F      G
               +--------+--------+--------+--------+--------+-----+--------+
         Total |   8975 |   8676 |    299 |   1810 |   5372 |   9 |  997.2 |
       Dungeon |   8551 |   8252 |    299 |   1682 |   5243 |   8 | 1068.9 |
         Sewer |    424 |    424 |      0 |    128 |    128 |   1 |  424.0 |
               +--------+--------+--------+--------+--------+-----+--------+

Top non-repeatable levels by time:
     D:4: 1608 daAuts
     D:2: 1364 daAuts
     D:5: 1231 daAuts
     D:7: 1113 daAuts
     D:1: 871 daAuts
     D:3: 838 daAuts
     D:8: 820 daAuts
     D:6: 703 daAuts
   Sewer: 424 daAuts
